 Dungeon Crawl Stone Soup version 0.24.0-13-gcf9b319 (webtiles) character file.

Game seed: 8417359143880896784, levelgen mode: deterministic

93 Bronimir the Shooter (level 4, -1/36 HPs)
             Began as a Centaur Arcane Marksman on Apr 13, 2020.
             Slain by a hobgoblin
             ... wielding a +0 club
              (2 damage)
             ... on level 3 of the Dungeon.
             The game lasted 00:03:30 (2280 turns).

Bronimir the Shooter (Centaur Arcane Marksman)      Turns: 2280, Time: 00:03:31

Health: -1/36      AC:  9    Str: 13    XL:     4   Next: 36%
Magic:  5/5        EV:  6    Int: 12    God:
Gold:   84         SH:  0    Dex: 10    Spells: 2/5 levels left

rFire    . . .     SeeInvis .   a - +0 club
rCold    . . .     Gourm    .   (no shield)
rNeg     . . .     Faith    .   j - +0 ring mail
rPois    .         Spirit   .   (no helmet)
rElec    .         Reflect  .   (no cloak)
rCorr    .         Harm     .   (no gloves)
MR       .....                  r - +0 centaur barding (curse)
Stlth    ..........             (no amulet)
HPRegen  0.12/turn              (no ring)
MPRegen  0.09/turn              (no ring)

@: very quick
A: large, hooves 3, deformed body, speed 2, tough skin 3
a: no special abilities


You were on level 3 of the Dungeon.
You were not hungry.

You visited 1 branch of the dungeon, and saw 3 of its levels.

You collected 84 gold pieces.

Inventory:

Hand Weapons
 a - a +0 club (weapon)
 d - a +0 shortbow
 k - a +0 short sword
Missiles
 l - 15 stones (quivered)
 m - 7 arrows
Armour
 e - a +0 robe
 j - a +0 ring mail (worn)
 r - a cursed +0 centaur barding (worn)
Jewellery
 b - an uncursed ring of stealth {unknown}
 s - an uncursed amulet of harm {unknown}
Wands
 u - a wand of digging (7)
Scrolls
 c - 3 scrolls of identify
 i - a scroll of enchant armour {unknown}
 n - 2 scrolls of fog {unknown}
Potions
 g - a potion of heal wounds
 h - a potion of degeneration {unknown}
 o - a potion of curing {unknown}
 q - a potion of haste {unknown}
 t - a potion of brilliance {unknown}
Comestibles
 f - 2 chunks of flesh
 p - a ration


   Skills:
 * Level 1.8 Fighting
 + Level 0.2 Short Blades
 * Level 0.1 Maces & Flails
 * Level 4.6 Bows
 * Level 0.8 Armour
 * Level 1.7 Dodging
 + Level 1.0 Spellcasting
 * Level 2.9 Hexes


You had 2 spell levels left.
You knew the following spells:

 Your Spells              Type           Power        Failure   Level  Hunger
a - Corona                Hex            #......      19%         1    ##.....
b - Slow                  Hex            #.......     28%         2    ###....

Your spell library contained the following spells:

 Spells                   Type           Power        Failure   Level  Hunger
 Inner Flame              Hex/Fire       #.......     71%         3    ####...
 Portal Projectile        Hex/Tloc       #.....       71%         3    ####...
 Cause Fear               Hex            #.........   88%         4    #####..
 Leda's Liquefaction      Hex/Erth       #.........   98%         4    #####..


Dungeon Overview and Level Annotations

Branches:
Dungeon (3/15)

Altars:
Elyvilon


Innate Abilities, Weirdness & Mutations

You have hooves in place of feet.
Armour fits poorly on your strangely shaped body.
You cover ground very quickly.
You have extremely tough skin. (AC +3)


Message History

The gnoll hits you from afar with a +0 halberd.
The kobold barely misses you.
You closely miss the jackal. The jackal closely misses you.
The jackal bites you but does no damage.
The hobgoblin hits you but does no damage.
The gnoll completely misses you. The kobold hits you but does no damage.
The jackal bites you but does no damage. x2
The gnoll hits you but does no damage.
The hobgoblin hits you but does no damage.
As you read the scroll labeled TUTUD ADWABEPP, it crumbles to dust.
It is a scroll of identify.
g - a potion of heal wounds The jackal bites you.
The jackal closely misses you. The kobold hits you.
The gnoll hits you from afar with a +0 halberd!
* * * LOW HITPOINT WARNING * * *
The gnoll hits you with a cursed -2 flail.
* * * LOW HITPOINT WARNING * * *
The jackal bites you but does no damage.
The hobgoblin hits you with a +0 club.
You die... #... .###... ...... ....l #>#g### ..# rgSg.

.. #gg# .. #h@#
.# #hK# .#####.
###.#..###.......
..K...s.(..# #.#
).h.....##.# #.#
####(#.###.# #.#
#.#. #.# #.# ....
#.#####†# # ##.##
#.......#####..


You could see 4 gnolls, an adder, a leopard gecko, 2 jackals, a giant cockroach,
a hobgoblin, a kobold and a rat.

Vanquished Creatures
  Natasha (twice) (D:2)
  An ooze (D:2)
  A worm (D:2)
  An orc (D:3)
  3 giant cockroaches
  2 goblins (D:1)
  10 hobgoblins
  5 bats
  4 frilled lizards
  3 kobolds (D:1)
  4 rats
36 creatures vanquished.

Notes
Turn   | Place    | Note
-------+----------+-------------------------------------------
     0 | D:1      | Bronimir the Centaur Arcane Marksman began the quest for
                  | the Orb.
     0 | D:1      | Reached XP level 1. HP: 16/16 MP: 2/2
    49 | D:1      | Reached skill level 3 in Bows
   540 | D:1      | Reached XP level 2. HP: 23/23 MP: 3/3
   562 | D:1      | Learned a level 2 spell: Slow
  1326 | D:2      | Noticed Natasha
  1336 | D:2      | Noticed a crimson imp
  1341 | D:2      | Killed Natasha
  1341 | D:2      | Reached skill level 4 in Bows
  1341 | D:2      | Reached XP level 3. HP: 17/28 MP: 2/4
  2017 | D:2      | Found a white marble altar of Elyvilon.
  2125 | D:2      | Noticed Natasha
  2129 | D:2      | Killed Natasha
  2129 | D:2      | Reached XP level 4. HP: 36/36 MP: 5/5
  2280 | D:3      | HP: 1/36 [gnoll/cursed -2 flail (1)]
  2280 | D:3      | Slain by a hobgoblin

Levels and vault maps discovered:
D:1:      shiori_arrival_oz, layout_basic, minivault_23
D:2:      layout_basic, elyvilon_altar_4, uniq_natasha
D:3:      layout_loops_ring, tgw_trog, fedhas_altar_4, uniq_sigmund

Skill      XL: |  1  2 |
---------------+-------+-----
Bows           | 3 4 |  4.6
Fighting       | |  1.8
Short Blades   | |  0.2
Maces & Flails | |  0.1
Armour         | |  0.8
Dodging        | |  1.7
Spellcasting   | |  1.0
Hexes          | |  2.9

Action                   |  1- 3 |  4- 6 || total
-------------------------+-------+-------++-------
Melee: Short sword       |    16 |       ||    16
       Kick              |     9 |     4 ||    13
       Club              |     8 |    15 ||    23
 Fire: Shortbow          |    88 |     3 ||    91
 Cast: Slow              |     3 |       ||     3
       Corona            |     1 |       ||     1
  Use: Scroll            |       |     1 ||     1
  Eat: Ration            |     1 |       ||     1
Armor: Robe              |     3 |       ||     3
       Ring mail         |     6 |    23 ||    29
Dodge: Dodged            |    21 |    16 ||    37
